 Dungeon Sprint DCSS version 0.30-a0-123-g91d0c66ccf (webtiles) character file.

Game seed: 6808247027760187073

4 Ofeo the Grasshopper (level 1, -1/20 HPs)
             Began as a Troll Warper on Sept 17, 2022.
             Slain by a water moccasin (5 damage)
             ... in the Dungeon (Sprint IX: "|||||||||||||||||||||||||||||").
             The game lasted 00:00:05 (32 turns).

Ofeo the Grasshopper (Troll Warper)                   Turns: 32, Time: 00:00:06

Health: -1/20      AC:  4    Str: 18    XL:     1   Next: 50%
Magic:  1/1        EV: 10    Int:  9    God:
Gold:   0          SH:  0    Dex:  9    Spells: 2/2 levels left

rFire   . . .      SeeInvis .      - Unarmed
rCold   . . .      Faith    .    (no shield)
rNeg    . . .      Spirit   .    a - +0 robe
rPois   .          Reflect  .    (helmet restricted)
rElec   .          Harm     .    (no cloak)
rCorr   .          Rampage  .    (gloves unavailable)
Will    .....      NoTele   +    (boots unavailable)
Stlth   +.........               (no amulet)
HPRegen 0.86/turn                (no ring)
MPRegen 0.07/turn                (no ring)

@: no status effects
A: large, unfitting armour, claws 3, regeneration 1, shaggy fur 1, tough skin 1
a: no special abilities


You were in the Dungeon.
You visited 1 branch

Inventory:

Missiles
 c - 7 boomerangs of dispersal (quivered)
Armour
 a - a +0 robe (worn)
Scrolls
 b - 2 scrolls of blinking {@r4}
Potions
 e - a potion of berserk rage
 f - a potion of haste {@q3}
 g - 2 potions of magic
 h - a potion of heal wounds {@q2}
 q - a potion of curing {@q1}


   Skills:
 + Level 1.9 Fighting
 + Level 1.3 Throwing
 + Level 2.2 Dodging
 + Level 2.3 Unarmed Combat
 + Level 1.4 Spellcasting
 + Level 2.3 Translocations


You had 2 spell levels left.
You didn't know any spells.
Your spell library contained the following spells:

 Spells                   Type           Power      Damage    Failure   Level
 Blink                    Tloc           8%         N/A       21%         2
 Gell's Gravitas          Tloc           4%         N/A       38%         3
 Lesser Beckoning         Tloc           4%         N/A       38%         3
 Teleport Other           Tloc           4%         N/A       38%         3
 Manifold Assault         Tloc           4%         N/A       80%         4


Dungeon Overview and Level Annotations

Branches:
Dungeon (1/1)

Altars:


Innate Abilities, Weirdness & Mutations

You are too large for most types of armour.
You have claws for hands.
Your natural rate of healing is unusually fast.
You are covered in fur. (AC +1)
You have tough skin. (AC +1)


Message History

You scratch the water moccasin.
The water moccasin is moderately wounded.
The water moccasin barely misses you. x2
You scratch the water moccasin.
The water moccasin is moderately wounded.
The water moccasin bites you.
You take 5 damage, and have 10/20 hp.
MASSIVE DAMAGE!!
You are too injured to fight recklessly!
You are too injured to fight recklessly!
You are too injured to fight recklessly!
You are too injured to fight recklessly!
You are too injured to fight recklessly!
You are too injured to fight recklessly!
You are too injured to fight recklessly!
You are too injured to fight recklessly!
You are too injured to fight recklessly!
You are too injured to fight recklessly!
You are too injured to fight recklessly!
You are too injured to fight recklessly!
You are too injured to fight recklessly!
You miss the water moccasin.
The water moccasin is moderately wounded.
The water moccasin bites you but does no damage.
The white imp shouts, "Slither hence, thou baffled hedge-born tiddler!"
The water moccasin bites you.
You claw the water moccasin!
The water moccasin is severely wounded.
The water moccasin bites you!
* * * LOW HITPOINT WARNING * * *
You take 6 damage, and have 4/20 hp.
MASSIVE DAMAGE!!
You closely miss the water moccasin.
The water moccasin is severely wounded.
The howler monkey hoots and howls with incredible vigour!
The water moccasin bites you.
* * * LOW HITPOINT WARNING * * *
You take 1 damage, and have 3/20 hp.
You barely miss the water moccasin.
The water moccasin is severely wounded.
The water moccasin bites you.
You die... ▓▓▓▓▓▓▓▓▓▓▓▓▓▓▓▓▓▓ +.hl5SS@....)...<▓ ▓▓▓▓▓▓▓▓▓▓▓▓▓▓▓▓▓▓

You could see a water moccasin, a howler monkey (catching breath), an iguana, an adder and a white imp.

Vanquished Creatures
  A giant cockroach (D)
  A ball python (D)
  2 bats (D)
  A kobold (D)
5 creatures vanquished.

Notes
Turn   | Place    | Note
-------+----------+-------------------------------------------
     0 | D        | Ofeo the Troll Warper began the quest for the Orb.
     0 | D        | Reached XP level 1. HP: 19/19 MP: 1/1
     9 | D        | Reached skill level 1 in Throwing
    22 | D        | Noticed a howler monkey
    22 | D        | Noticed an iguana
    22 | D        | Noticed a water moccasin
    32 | D        | Slain by a water moccasin

Illustrated notes

Levels and vault maps discovered:
D:        linesprint [early_d, line_temple, items_1, d_10, items_2, lair_1,
          lair_end, items_3, orc_1, orc_end, items_4, d_15, swamp_1, shoals_1,
          snake_1, spider_1, d_20, vaults_1, items_5, swamp_end, shoals_end,
          snake_end, spider_end, vaults_end, d_27, items_6, zot_1, zot_end,
          crypt_end, forest_end, elf_end, slime_end, tomb_end, abyss_end,
          pan_hell_end]

Skill      XL: |  1 |
---------------+----+-----
Throwing       | 1 |  1.3
Dodging        | 2 |  2.2
Fighting       | |  1.9
Unarmed Combat | |  2.3
Spellcasting   | |  1.4
Translocations | |  2.3

Action                   || total
-------------------------++-------
Melee: Unarmed           ||    22
Armor: Robe              ||     9
Dodge: Dodged            ||     6

Table legend: (Time is in decaauts)
 A = Elapsed time spent in this place.
 B = Non-inter-level travel time spent in this place.
 C = Inter-level travel time spent in this place.
 D = Time resting spent in this place.
 E = Time spent auto-exploring this place.
 F = Levels seen in this place.
 G = Mean time per level.
                   A        B        C        D        E       F      G
               +--------+--------+--------+--------+--------+-----+--------+
         Total |     31 |     31 |      0 |      0 |      0 |   1 |   31.0 |
       Dungeon |     31 |     31 |      0 |      0 |      0 |   1 |   31.0 |
               +--------+--------+--------+--------+--------+-----+--------+

Top non-repeatable levels by time:
       D: 31 daAuts
